cohdb
Replays
Latest Replays
All Replays
Popular Replays
Top Player Replays
Match Explorer
How It Works
Community
CoH3 Stats
Reddit
Sign in to upload your games and track your stats! →
Sign in with Steam
Match 41787807
Unlisted
Match 41787807
Overview
Messages
Build Orders
End
Selects Panzerjäger Kommand Battlegroup
Selects Mine Fields
Panzergrenadier Squad
Kradschützen Motorcycle Team
Panzergrenadier Squad
Construct Light Support Kompanie
250 Light Carrier
2.5-tonne Medical Truck
Fire Support Elements
Selects Early Warning
Early Warning
Assault Mechanized Group
Combat Half-tracks
Veteran Squad Leaders
Flakvierling Half-track
Selects Tank Busters
Early Warning
Panzergrenadier Squad
Fruti2k
Gosling Svodovich
Chertchill
GowithdaFlow
[USS] Felthecat
Lebiscuitchaud
0
0
Comments
sign in to comment!
No comments posted yet!